 Dungeon Crawl Stone Soup version 0.30.0-29-ga12c61a403 (webtiles) character file.

Game seed: 3002003185508945370

102 Destapler the Sneak (level 4, -14/35 HPs)
             Began as an Armataur Hedge Wizard on June 18, 2023.
             Engulfed by a cloud of flame (21 damage)
             ... on level 4 of the Dungeon on June 23, 2023.
             The game lasted 00:11:28 (3542 turns).

Destapler the Sneak (Armataur Hedge Wizard)         Turns: 3542, Time: 00:11:28

Health: -14/35     AC:  8    Str: 15    XL:     4   Next: 49%
Magic:  8/8        EV:  7    Int: 16    God:
Gold:   217        SH:  3    Dex: 16    Spells: 8/9 levels left

rFire   . . .        A - +2 dagger (venom)
rCold   . . .        g - +0 buckler
rNeg    . . .        b - +0 robe
rPois   .            c - +0 hat
rElec   .            (no cloak)
rCorr   .            (no gloves)
SInv    .            y - +0 barding
Will    .....        (no amulet)
Stlth   ++           j - +6 ring of dexterity
HPRegen 0.25/turn    (no ring)
MPRegen 0.11/turn

%: roll
@: no status effects
A: large, rugged brown scales 3, deformed body, armoured tail, roll, long
tongue, awkward tongue
a: no special abilities


You were on level 4 of the Dungeon.
You visited 1 branch of the dungeon, and saw 4 of its levels.

You collected 217 gold pieces.

Inventory:

Hand Weapons
 a - a +0 dagger of draining
 A - a +2 dagger of venom (weapon)
Armour
 b - a +0 robe (worn)
 c - a +0 hat (worn)
 g - a +0 buckler (worn)
 y - a +0 barding (worn)
Jewellery
 j - a +6 ring of dexterity (left hand)
Scrolls
 e - 2 scrolls of summoning {unknown}
 k - 2 scrolls of identify {unknown}
 m - a scroll of immolation {unknown}
 n - a scroll of poison {unknown}
 o - a scroll of enchant weapon {unknown}
 p - a scroll of noise {unknown}
 t - a scroll of vulnerability {unknown}
 v - a scroll of blinking {unknown}
 w - a scroll of enchant armour {unknown}
 x - a scroll of amnesia {unknown}
 z - a scroll of fog {unknown}
 B - a scroll of silence {unknown}
 D - a scroll of teleportation {unknown}
 E - a scroll of fear {unknown}
Potions
 d - a potion of magic
 f - a potion of ambrosia {unknown}
 h - a potion of berserk rage {unknown}
 i - 2 potions of might {unknown}
 l - a potion of mutation {unknown}
 q - 4 potions of curing {unknown}
 r - a potion of heal wounds {unknown}
 s - 2 potions of degeneration {unknown}
 u - 2 potions of attraction {unknown}
 C - a potion of flight {unknown}


   Skills:
 + Level 1.9 Dodging
 + Level 3.0 Stealth
 + Level 3.0 Spellcasting
 + Level 1.8 Conjurations
 + Level 1.5 Summonings
 + Level 2.0 Translocations


You had 8 spell levels left.
You knew the following spells:

 Your Spells              Type           Power      Damage    Failure   Level
a - Magic Dart            Conj           32%        1d4       12%         1

Your spell library contained the following spells:

 Spells                   Type           Power      Damage    Failure   Level
 Blink                    Tloc           16%        N/A       17%         2
 Call Imp                 Summ           14%        N/A       21%         2
 Slow                     Hex            8%         N/A       26%         1
 Cigotuvi's Dreadful Rot  Necr/Pois/Air  4%         N/A       36%         2
 Summon Guardian Golem    Hex/Summ       4%         N/A       50%         3
 Mephitic Cloud           Conj/Pois/Air  4%         N/A       52%         3
 Orb of Destruction       Conj           4%         9d5       100%        7
 Spellforged Servitor     Conj/Summ      3%         N/A       100%        7


Dungeon Overview and Level Annotations

Branches:
Dungeon (4/15)
 Temple: D:4-7

Altars:
Trog


Innate Abilities, Weirdness & Mutations

You are completely covered in rugged brown scales. (AC +3, +7% HP)
Armour fits poorly on your strangely shaped body.
You have a long armoured tail.
You roll when moving toward enemies. (Rampage)
Your long tongue fully drains potion bottles. (2x potion effects)
Your tongue gives you trouble enunciating. (1.5x scroll delay)


Message History

The magic dart hits the kobold but does no damage.
The magic dart hits the kobold.
The kobold is severely wounded.
The magic dart hits the kobold.
You kill the kobold!
You see here a +0 short sword.
You now have 210 gold pieces (gained 9).
You open the door.
There is an open door here.
You open the door.
There is an open door here.
You open the door.
There is an open door here.
D - a scroll labelled LAICOZISAG As you open the door, it creaks loudly!
There is an open door here.
e - 2 scrolls labelled UJEOREUTUR (gained 1)
q - 3 fizzy white potions (gained 1)
Found a quarterstaff.
You see here a +0 quarterstaff.
q - 4 fizzy white potions (gained 1)
A ball python comes into view.
You hit the ball python.
You kill the ball python!
No target in view!
No target in view!
E - a scroll labelled DOBBAM PIRRUQA You now have 217 gold pieces (gained 7).
You open the door.
There is an open door here.
There is an open door here.
You're in a travel-excluded area, stopping explore.
You're in a travel-excluded area, stopping explore.
You are engulfed in blazing flames.
You are engulfed in blazing flames.
Ouch! That really hurt!
* * * LOW HITPOINT WARNING * * *
You are engulfed in blazing flames.
Ouch! That really hurt!
You die...

#...# #§○§# #...## #
##### #.☼§# #....## #
#.§.# #.....## ##
#####...#####......####.
.§.§..$$.§§§.......'....
..☼§..$$.§§§.......####.
.§.$....§☼......## ##
#...#####....## # #○§@#
#...## # #☼☼§# ##'## #
#§§§# #.# #...# #.#
#..## ##.## #.####
##...######## #.###....#
#............ #........#
##...#.######
#..........# ##.##.#


There were no monsters in sight!

Vanquished Creatures
  An adder (D:3)
  3 worms
  A dart slug (D:1)
  7 orcs (D:4)
  6 endoplasms
  2 giant cockroaches
  6 goblins
  6 hobgoblins
  3 jackals (D:4)
  3 quokkas
  8 ball pythons
  10 bats
  3 frilled lizards
  5 kobolds
  7 rats
71 creatures vanquished.

Vanquished Creatures (others)
  An endoplasm (D:4)
1 creature vanquished.

Grand Total: 72 creatures vanquished

Notes
Turn   | Place    | Note
-------+----------+-------------------------------------------
     0 | D:1      | Destapler the Armataur Hedge Wizard began the quest for the
                  | Orb.
     0 | D:1      | Reached XP level 1. HP: 14/14 MP: 4/4
   236 | D:1      | Reached skill level 1 in Conjurations
   378 | D:1      | Reached skill level 1 in Summonings
   378 | D:1      | Reached XP level 2. HP: 21/21 MP: 5/5
  1213 | D:2      | Reached XP level 3. HP: 11/27 MP: 7/7
  2442 | D:3      | Reached XP level 4. HP: 35/35 MP: 0/8
  2977 | D:4      | Found a bloodstained altar of Trog.
  3542 | D:4      | Engulfed by a cloud of flame

Illustrated notes

Levels and vault maps discovered:
D:1:      psy_arrival_radial02, layout_loops_ring, dk_noncrumbling_2
D:2:      layout_basic
D:3:      layout_loops_cross, serial_bayou_ford_a,
          amcnicky_mini_corridor_feature, feat_on_display
D:4:      layout_loops_corners, mainiacjoe_overflow_catwalk,
          trog_three_pillars_becter, lemuel_flame_loot_1

Skill      XL: |  1  2  3  4 |
---------------+-------------+-----
Conjurations   | 1 |  1.8
Summonings     | 1 |  1.5
Stealth        | 3 |  3.0
Spellcasting   | 3 |  3.0
Translocations | 2 |  2.0
Dodging        | |  1.9

Action                     |  1- 3 |  4- 6 || total
---------------------------+-------+-------++-------
  Melee: Dagger            |    82 |    54 ||   136
         Tailslap          |    11 |     6 ||    17
   Cast: Magic Dart        |    47 |    18 ||    65
   Stab: Sleeping          |    14 |     2 ||    16
         Distracted        |     1 |       ||     1
 Armour: Robe              |    24 |    21 ||    45
  Dodge: Dodged            |    27 |    11 ||    38
  Block: Buckler           |     4 |    10 ||    14
